 Dungeon Crawl Stone Soup version 0.18.1-50-g88ac8fd (webtiles) character file.

3287 Hawkwind the Ducker (level 10, -6/59 HPs)
             Began as a Gargoyle Fighter on Aug 3, 2019.
             Was a Priest of Okawaru.
             Mangled by an orc warrior
             ... wielding a +0 short sword
              (18 damage)
             ... on level 8 of the Dungeon.
             The game lasted 00:35:58 (6950 turns).

Hawkwind the Ducker (Gargoyle Fighter)              Turns: 6950, Time: 00:35:59

Health: -6/59      AC: 21    Str: 23    XL:     10   Next: 1%
Magic:  13/13      EV: 11    Int:  9    God:    Okawaru [***...]
Gold:   373        SH: 11    Dex:  9    Spells: 0 memorised, 9 levels left

rFire  + . .     SeeInvis .     A - +2 trident (protect)
rCold  . . .     Gourm    .     b - +0 scale mail
rNeg   + . .     Faith    .     c - +0 shield
rPois  ∞         Spirit   .     (no helmet)
rElec  +         Dismiss  .     o - +0 cloak
rCorr  .         Reflect  .     q - +0 pair of gloves
SustAt .         Harm     .     (no boots)
MR     .....                    (no amulet)
Stlth  ..........               (no ring)
                                w - ring of protection from fire

@: not resistant to hostile enchantments, extremely unstealthy
A: negative energy resistance 1, electricity resistance, unbreathing,
petrification resistance, rot immunity, AC +7
a: Heroism, Renounce Religion


You were on level 8 of the Dungeon.
You worshipped Okawaru.
Okawaru was most pleased with you.
You were very hungry.

You visited 2 branches of the dungeon, and saw 9 of its levels.

You collected 373 gold pieces.

Inventory:

Hand Weapons
 A - a +2 trident of protection (weapon)
 D - a +1 dagger of venom
Missiles
 j - 5 poisoned tomahawks (quivered)
Armour
 b - a +0 scale mail (worn)
 c - a +0 shield (worn)
 o - a +0 cloak (worn)
 q - a +0 pair of gloves (worn)
Jewellery
 w - a ring of protection from fire (left hand)
Wands
 E - a wand of iceblast (6/15)
Scrolls
 e - a scroll of random uselessness {unknown}
 g - 7 scrolls of identify {unknown}
 i - 3 scrolls of fear
 k - a scroll of enchant weapon {unknown}
 n - 2 scrolls of fog {unknown}
 p - 3 scrolls of remove curse {unknown}
 s - 2 scrolls of enchant armour {unknown}
 u - 2 scrolls of magic mapping {unknown}
 y - a scroll of blinking {unknown}
 B - a scroll of recharging {unknown}
 H - a scroll of teleportation {unknown}
Potions
 a - 2 potions of heal wounds {unknown}
 d - a potion of might
 m - a potion of agility {unknown}
 t - a potion of haste
 v - 3 potions of curing
 z - 2 potions of lignification
 C - a potion of resistance {unknown}
Comestibles
 f - 8 bread rations
 h - 2 fruits
 l - 4 meat rations
 r - 8 slices of pizza
 x - 3 beef jerkies
 F - a royal jelly


   Skills:
 + Level 5.0 Fighting
 + Level 4.8 Polearms
 + Level 5.2 Armour
 * Level 7.4 Dodging
 + Level 7.4 Shields
 - Level 5.0 Invocations


You had 9 spell levels left.
You didn't know any spells.

Dungeon Overview and Level Annotations

Branches:
Dungeon (8/15)             Temple (1/1) D:4
   Lair: D:8-11

Altars:
Ashenzari
Cheibriados
Dithmenos
Elyvilon
Fedhas
Gozag
Kikubaaqudgha
Makhleb
Nemelex Xobeh
Okawaru
Qazlal
Ru
Sif Muna
Trog
Vehumet
Xom
Zin
The Shining One


Innate Abilities, Weirdness & Mutations

You are resistant to torment.
Your stone body is resilient (AC +7).
You are immune to poison.
You resist negative energy.
You are resistant to electric shocks.
You can survive without breathing.
You are immune to petrification.
You are immune to rotting.


Message History

The orc throws a tomahawk.
The tomahawk closely misses you.
Unknown command.
You block the orc warrior's attack. You block the orc's attack.
You block the orc's attack.
The orc warrior hits you with a short sword!
You block the orc's attack.
An orc priest comes into view. It is wielding a club.
The orc warrior misses you. You block the orc warrior's attack.
You block the orc warrior's attack.
The orc warrior rages.
The orc priest miscasts a cantrip.
The orc warrior hits you with a short sword!!
* * * LOW HITPOINT WARNING * * *
Read which item? (? for menu, Esc to quit)
As you read the scroll labeled ELU KYONWIXUX, it crumbles to dust.
You assume a fearsome visage.
The orc looks frightened! x2
It was a scroll of fear.
The orc warrior hits you with a short sword!!
You die...

#(.. ..?# #... ...#
#.Y.. ....# #...##
##...# ######....%
$....##
#.@..##..c.#....##.
#o#######..o..###..
#.#####.###(###....
#o...##..o.......#.
###o............#.#..
#.........)###.....##
#.#.#.####†# #..#.#.#
#.#.#o####(###.......
# #....(†o...........


You could see an orc warrior (berserk) and 2 orcs.

Vanquished Creatures
  Joseph (D:7)
  A human (D:7)
  A black bear (D:6)
  An orc warrior (D:5)
  3 ice beasts (D:6)
  An ogre (D:7)
  2 centaurs
  3 giant frogs
  4 scorpions
  A water moccasin skeleton (D:7)
  9 killer bees
  The ghost of Hawkwind the Covered, a weakling GrFi (D:5)
  3 crimson imps
  A howler monkey (D:6)
  9 hounds
  A quasit (D:8)
  3 jellies (D:7)
  A centaur skeleton (D:5)
  An orc priest (D:4)
  A giant frog skeleton (D:4)
  3 iguanas
  3 orc wizards
  5 worker ants
  4 sheep (D:7)
  2 hound zombies (D:6)
  2 hound skeletons
  12 adders
  3 shadow imps
  An ooze (D:3)
  4 worms
  2 dart slugs
  3 giant geckos
  16 orcs
  2 giant cockroaches (D:3)
  9 goblins
  8 hobgoblins
  4 jackals (D:8)
  4 quokkas
  9 bats
  A giant gecko skeleton (D:4)
  4 giant newts
  8 kobolds
  4 rats
161 creatures vanquished.

Vanquished Creatures (others)
  An orc wizard (D:6)
1 creature vanquished.

Grand Total: 162 creatures vanquished

Notes
Turn   | Place    | Note
--------------------------------------------------------------
     0 | D:1      | Hawkwind the Gargoyle Fighter began the quest for the Orb.
     0 | D:1      | Reached XP level 1. HP: 14/14 MP: 1/1
   192 | D:3      | Reached XP level 2. HP: 13/19 MP: 2/2
   323 | D:4      | Found a staircase to the Ecumenical Temple.
   330 | Temple   | Entered the Ecumenical Temple
   372 | Temple   | Became a worshipper of Warmaster Okawaru
  1129 | D:1      | Reached XP level 3. HP: 21/23 MP: 3/3
  1654 | D:2      | Reached skill level 1 in Invocations
  1857 | D:2      | Reached skill level 1 in Dodging
  1857 | D:2      | Reached XP level 4. HP: 10/29 MP: 4/4
  2659 | D:3      | Reached XP level 5. HP: 29/33 MP: 5/5
  3563 | D:4      | Found a blossoming altar of Fedhas.
  3564 | D:4      | Found a glowing silver altar of Zin.
  3565 | D:4      | Found a white marble altar of Elyvilon.
  3569 | D:4      | Found a shimmering altar of Xom.
  3570 | D:4      | Found a shadowy altar of Dithmenos.
  3614 | D:4      | Reached XP level 6. HP: 38/38 MP: 7/7
  3732 | D:4      | Found a sacrificial altar of Ru.
  3918 | D:5      | Entered Level 5 of the Dungeon
  3926 | D:5      | Reached * piety under Okawaru
  4054 | D:5      | Reached XP level 7. HP: 27/43 MP: 8/8
  4080 | D:5      | Noticed Hawkwind's ghost (weakling GrFi)
  4103 | D:5      | Killed Hawkwind's ghost
  4605 | D:6      | Reached skill level 5 in Shields
  4768 | D:6      | Reached ** piety under Okawaru
  4791 | D:6      | Reached XP level 8. HP: 48/48 MP: 10/10
  4798 | D:6      | Found a shattered altar of Ashenzari.
  5098 | D:6      | Reached skill level 5 in Dodging
  5554 | D:6      | Reached *** piety under Okawaru
  5635 | D:6      | Reached XP level 9. HP: 52/52 MP: 12/12
  5812 | D:7      | Reached skill level 5 in Invocations
  5828 | D:7      | Noticed Joseph
  6217 | D:7      | Killed Joseph
  6639 | D:7      | Reached skill level 5 in Armour
  6646 | D:7      | Received a gift from Okawaru
  6911 | D:8      | Reached skill level 5 in Fighting
  6938 | D:8      | Reached XP level 10. HP: 39/59 MP: 13/13
  6950 | D:8      | Mangled by an orc warrior

Skill      XL: |  1  2  3  4  5  6  7  8  9 |
---------------+----------------------------+-----
Polearms       | 2 3 4 |  4.8
Invocations    | 1 2 3 4 5 |  5.0
Dodging        | 1 2 4 5 7 |  7.4
Shields        | 4 5 7 |  7.4
Fighting       | 4 5 |  5.0
Armour         | 4 5 |  5.2

Action                   |  1- 3 |  4- 6 |  7- 9 | 10-12 || total
-------------------------+-------+-------+-------+-------++-------
Melee: Trident           |   124 |   270 |   589 |       ||   983
       Dagger            |       |       |    22 |       ||    22
Invok: Heroism           |       |       |     4 |       ||     4
  Use: Potion            |       |       |     5 |       ||     5
       Scroll            |       |       |       |     1 ||     1
  Eat: Chunk             |     3 |     8 |     8 |       ||    19
       Pizza             |       |       |     1 |       ||     1
Armor: Scale mail        |    91 |   175 |   323 |       ||   589
       Skin              |       |       |    76 |       ||    76
Dodge: Dodged            |    53 |    98 |   305 |     2 ||   458
Block: Shield            |    82 |   151 |   442 |     6 ||   681
